| TOP OF THE 1ST |
|
Miami (APP) Marlins batting - Pitching for Danville Braves : RHP Ruben Arana
|
|
Pitching: RHP Ruben Arana
|
|
|
Batting: RHB Jason Thrash
|
0-0: Ball 1-0: Called Strike 1-1: Ball 2-1: Called Strike 2-2: Strikes out swinging
|
|
Batting: RHB Adrian Bocker
|
0-0: Swinging Strike 0-1: Swinging Strike 0-2: Ball 1-2: Fly out, F1 (Popup, 15, EV 72.5 MPH)
|
|
Batting: SHB Matt Moore
|
0-0: Fly out, F8 (Flyball, 8RD, EV 104.4 MPH)
|
| Top of the 1st over - 0 runs, 0 hits, 0 errors, 0 left on base; Miami (APP) 0 - Danville 0 |
| BOTTOM OF THE 1ST |
|
Danville Braves batting - Pitching for Miami (APP) Marlins : LHP Gavrilo Brkic
|
|
Pitching: LHP Gavrilo Brkic
|
|
|
Batting: RHB Zach Hulme
|
0-0: Ball 1-0: Ground out 6-3 (Groundball, 6, EV 98.1 MPH)
|
|
Batting: LHB Oke Monti
|
0-0: Called Strike 0-1: Swinging Strike 0-2: Ball 1-2: Ball 2-2: Ball 3-2: SINGLE (Groundball, 6D, EV 97.5 MPH)
|
|
Batting: LHB Alexis Cantu
|
0-0: Ball 1-0: Grounds into double play, 3-6-3 (Groundball, 3, EV 101.9 MPH)
|
| Bottom of the 1st over - 0 runs, 1 hit, 0 errors, 0 left on base; Miami (APP) 0 - Danville 0 |
| TOP OF THE 2ND |
|
Miami (APP) Marlins batting - Pitching for Danville Braves : RHP Ruben Arana
|
|
Batting: RHB Mario Cota
|
0-0: Swinging Strike 0-1: SINGLE (Groundball, 6MD, EV 101.3 MPH)
|
|
Batting: RHB Keith Bennett
|
0-0: Called Strike 0-1: Ball 1-1: Ball 2-1: Ball 3-1: Swinging Strike 3-2: Base on Balls Mario Cota to second
|
|
Batting: RHB Rick Knoblauch
|
0-0: Foul Ball, location: 2F 0-1: Ball Wild Pitch! Mario Cota to third Keith Bennett to second 1-1: Ball Passed Ball! Mario Cota scores Keith Bennett to third 2-1: Fly out, F8 (Flyball, 8RS, EV 84.4 MPH)
|
|
Batting: SHB Jeremy Akande
|
0-0: Called Strike 0-1: Foul Ball, location: 2F 0-2: Foul Ball, location: 2F 0-2: Strikes out looking
|
|
Batting: LHB Melvin Castro
|
0-0: Ball 1-0: Ball 2-0: Called Strike 2-1: Foul Ball, location: 2F 2-2: Foul Ball, location: 2F 2-2: Ball 3-2: Strikes out looking
|
| Top of the 2nd over - 1 run, 1 hit, 0 errors, 1 left on base; Miami (APP) 1 - Danville 0 |
| BOTTOM OF THE 2ND |
|
Danville Braves batting - Pitching for Miami (APP) Marlins : LHP Gavrilo Brkic
|
|
Batting: RHB Jose Ramos
|
0-0: Ball 1-0: Foul Ball, location: 2F 1-1: Swinging Strike 1-2: Foul Ball, location: 2F 1-2: Fly out, F9 (Line Drive, 9S, EV 86.3 MPH)
|
|
Batting: SHB Gabriel Cruz
|
0-0: Foul Ball, location: 2F 0-1: TRIPLE (Line Drive, 8RXD, EV 110.0 MPH)
|
|
Batting: RHB Yojiro Hayashi
|
0-0: Swinging Strike 0-1: Ball 1-1: Ball 2-1: Foul Ball, location: 2F 2-2: Strikes out looking
|
|
Batting: RHB Ingidayehu Lagat
|
0-0: Ball 1-0: Swinging Strike 1-1: SINGLE (Groundball, 3D, EV 100.6 MPH) Gabriel Cruz scores
|
|
Batting: SHB Ian Arlotta
|
0-0: Foul Ball, location: 2F 0-1: Foul Ball, location: 2F 0-2: Strikes out swinging
|
| Bottom of the 2nd over - 1 run, 2 hits, 0 errors, 1 left on base; Miami (APP) 1 - Danville 1 |
| TOP OF THE 3RD |
|
Miami (APP) Marlins batting - Pitching for Danville Braves : RHP Ruben Arana
|
|
Batting: LHB Bryan Wedge
|
0-0: Swinging Strike 0-1: Called Strike 0-2: Ball 1-2: Strikes out swinging
|
|
Batting: RHB Jason Thrash
|
0-0: Called Strike 0-1: Ball 1-1: Ball 2-1: Ball 3-1: Swinging Strike 3-2: Strikes out swinging
|
|
Batting: RHB Adrian Bocker
|
0-0: Called Strike 0-1: Ground out 5-3 (Groundball, 56S, EV 70.0 MPH)
|
| Top of the 3rd over - 0 runs, 0 hits, 0 errors, 0 left on base; Miami (APP) 1 - Danville 1 |
| BOTTOM OF THE 3RD |
|
Danville Braves batting - Pitching for Miami (APP) Marlins : LHP Gavrilo Brkic
|
|
Batting: RHB Armando Moz
|
0-0: Ball 1-0: Ball 2-0: Called Strike 2-1: Ball 3-1: Called Strike 3-2: Fly out, F7 (Line Drive, 7D, EV 85.6 MPH)
|
|
Batting: RHB Zach Hulme
|
0-0: Ball 1-0: Foul Ball, location: 2F 1-1: Swinging Strike 1-2: Foul Ball, location: 2F 1-2: Foul Ball, location: 2F 1-2: Ball 2-2: Strikes out swinging
|
|
Batting: LHB Oke Monti
|
0-0: Ball 1-0: Ball 2-0: Called Strike 2-1: Ball 3-1: Called Strike 3-2: Base on Balls
|
|
Batting: LHB Alexis Cantu
|
0-0: Foul Ball, location: 2F 0-1: Foul Ball, location: 2F 0-2: Ball 1-2: Ball 2-2: Fly out, F6 (Line Drive, 6, EV 66.3 MPH)
|
| Bottom of the 3rd over - 0 runs, 0 hits, 0 errors, 1 left on base; Miami (APP) 1 - Danville 1 |
| TOP OF THE 4TH |
|
Miami (APP) Marlins batting - Pitching for Danville Braves : RHP Ruben Arana
|
|
Batting: SHB Matt Moore
|
0-0: Swinging Strike 0-1: Reached via error on a dropped throw from SS, E3 (Groundball, 4MD, EV 107.5 MPH)
|
|
Batting: RHB Mario Cota
|
0-0: Called Strike 0-1: Ball 1-1: Foul Ball, location: 2F 1-2: Strikes out swinging
|
|
Batting: RHB Keith Bennett
|
0-0: Foul Ball, location: 2F 0-1: Ball 1-1: Ball 2-1: Grounds into double play, 3-6-3 (Groundball, 3, EV 86.3 MPH)
|
| Top of the 4th over - 0 runs, 0 hits, 1 error, 0 left on base; Miami (APP) 1 - Danville 1 |
| BOTTOM OF THE 4TH |
|
Danville Braves batting - Pitching for Miami (APP) Marlins : LHP Gavrilo Brkic
|
|
Batting: RHB Jose Ramos
|
0-0: Called Strike 0-1: Ground out 1-3 (Groundball, 15S, EV 68.1 MPH)
|
|
Batting: SHB Gabriel Cruz
|
0-0: Called Strike 0-1: SINGLE (Groundball, 25, EV 66.3 MPH) (infield hit)
|
|
Batting: RHB Yojiro Hayashi
|
0-0: Fly out, F8 (Flyball, 78XD, EV 97.5 MPH)
|
|
Batting: RHB Ingidayehu Lagat
|
0-0: Ball 1-0: Ball 2-0: Called Strike 2-1: Fly out, F9 (Flyball, 9LD, EV 95.6 MPH)
|
| Bottom of the 4th over - 0 runs, 1 hit, 0 errors, 1 left on base; Miami (APP) 1 - Danville 1 |
| TOP OF THE 5TH |
|
Miami (APP) Marlins batting - Pitching for Danville Braves : RHP Ruben Arana
|
|
Batting: RHB Rick Knoblauch
|
0-0: Called Strike 0-1: Ball 1-1: Called Strike 1-2: Strikes out looking
|
|
Batting: SHB Jeremy Akande
|
0-0: Foul Ball, location: 2F 0-1: Foul Ball, location: 2F 0-2: Ball 1-2: Ball 2-2: Ball 3-2: Ground out 4-3 (Groundball, 4, EV 89.4 MPH)
|
|
Batting: LHB Melvin Castro
|
0-0: Ground out 4-3 (Groundball, 4, EV 110.6 MPH)
|
| Top of the 5th over - 0 runs, 0 hits, 0 errors, 0 left on base; Miami (APP) 1 - Danville 1 |
| BOTTOM OF THE 5TH |
|
Danville Braves batting - Pitching for Miami (APP) Marlins : LHP Gavrilo Brkic
|
|
Batting: SHB Ian Arlotta
|
0-0: Fly out, F5 (Line Drive, 5, EV 71.9 MPH)
|
|
Batting: RHB Armando Moz
|
0-0: SINGLE (Groundball, 56D, EV 100.0 MPH)
|
|
Batting: RHB Zach Hulme
|
0-0: Ball 1-0: Called Strike 1-1: Fielders Choice at 2nd, 1-4 (Groundball, 15S, EV 78.1 MPH)
|
|
Batting: LHB Oke Monti
|
0-0: Called Strike 0-1: Fly out, F4 (Flyball, 3D, EV 76.9 MPH)
|
| Bottom of the 5th over - 0 runs, 1 hit, 0 errors, 1 left on base; Miami (APP) 1 - Danville 1 |
| TOP OF THE 6TH |
|
Miami (APP) Marlins batting - Pitching for Danville Braves : RHP Ruben Arana
|
|
Batting: LHB Bryan Wedge
|
0-0: Ball 1-0: Ball 2-0: Ball 3-0: Base on Balls
|
|
Batting: RHB Jason Thrash
|
0-0: Fly out, F9 (Flyball, 89M, EV 81.3 MPH)
|
|
Batting: RHB Adrian Bocker
|
0-0: Ball 1-0: Ball 2-0: Ball 3-0: Called Strike 3-1: Base on Balls Bryan Wedge to second
|
|
Batting: SHB Matt Moore
|
0-0: Called Strike 0-1: Foul Ball, location: 2F 0-2: Strikes out swinging
|
|
Batting: RHB Mario Cota
|
0-0: Foul Ball, location: 2F 0-1: Swinging Strike 0-2: Ball 1-2: Ball 2-2: Strikes out swinging
|
| Top of the 6th over - 0 runs, 0 hits, 0 errors, 2 left on base; Miami (APP) 1 - Danville 1 |
| BOTTOM OF THE 6TH |
|
Danville Braves batting - Pitching for Miami (APP) Marlins : LHP Gavrilo Brkic
|
|
Batting: LHB Alexis Cantu
|
0-0: Ball 1-0: Called Strike 1-1: SINGLE (Groundball, 34D, EV 95.0 MPH)
|
|
Batting: RHB Jose Ramos
|
0-0: Called Strike 0-1: Ball 1-1: Ball 2-1: Called Strike 2-2: DOUBLE (Line Drive, 5D, EV 94.4 MPH) Alexis Cantu to third
|
|
Pitching: RHP Matt Alexander
|
|
|
Batting: SHB Gabriel Cruz
|
0-0: Ball 1-0: Foul Ball, location: 2F 1-1: Called Strike 1-2: Foul Ball, location: 2F 1-2: Strikes out swinging
|
|
Batting: RHB Yojiro Hayashi
|
0-0: Intentional Walk
|
|
Batting: RHB Ingidayehu Lagat
|
0-0: Called Strike 0-1: Called Strike 0-2: Ball 1-2: Strikes out swinging
|
|
Batting: SHB Ian Arlotta
|
0-0: Ball 1-0: Reached on error, E4 (Groundball, 4, EV 83.8 MPH) Alexis Cantu scores Jose Ramos scores Yojiro Hayashi to third
|
|
Batting: RHB Armando Moz
|
0-0: Called Strike 0-1: Swinging Strike 0-2: Ball 1-2: Reached on error, E2 (Groundball, 2L, EV 70.6 MPH) Yojiro Hayashi scores Ian Arlotta to third
|
|
Batting: RHB Zach Hulme
|
0-0: Swinging Strike 0-1: Ground out 4-3 (Groundball, 4, EV 82.5 MPH)
|
| Bottom of the 6th over - 3 runs, 2 hits, 2 errors, 2 left on base; Miami (APP) 1 - Danville 4 |
| TOP OF THE 7TH |
|
Miami (APP) Marlins batting - Pitching for Danville Braves : RHP Ruben Arana
|
|
Batting: RHB Keith Bennett
|
0-0: Ball 1-0: Ball 2-0: Ball 3-0: Called Strike 3-1: DOUBLE (Flyball, 78D, EV 96.3 MPH)
|
|
Batting: RHB Rick Knoblauch
|
0-0: Called Strike 0-1: Reached on error, E5 (Groundball, 56, EV 107.5 MPH) Keith Bennett to third
|
|
Batting: SHB Jeremy Akande
|
0-0: Ball 1-0: Bunt missed! 1-1: Bunt missed! 1-2: Bunted foul, Strikeout!
|
|
Batting: LHB Melvin Castro
|
0-0: Bunted foul 0-1: Bunted foul 0-2: Sac Bunt to P - play at first, batter OUT! 1-4 Rick Knoblauch to second
|
|
Batting: LHB Bryan Wedge
|
0-0: Called Strike 0-1: Called Strike 0-2: Foul Ball, location: 2F 0-2: Foul Ball, location: 2F 0-2: Ball 1-2: Foul Ball, location: 2F 1-2: Foul Ball, location: 2F 1-2: Strikes out swinging
|
| Top of the 7th over - 0 runs, 1 hit, 1 error, 2 left on base; Miami (APP) 1 - Danville 4 |
| BOTTOM OF THE 7TH |
|
Danville Braves batting - Pitching for Miami (APP) Marlins : RHP Matt Alexander
|
|
Pitching: LHP Tyler Murders
|
|
|
Batting: LHB Oke Monti
|
0-0: Ball 1-0: Ball 2-0: Ball 3-0: Foul Ball, location: 2F 3-1: Base on Balls
|
|
Batting: LHB Alexis Cantu
|
0-0: Swinging Strike 0-1: Ball 1-1: SINGLE (Groundball, 34D, EV 98.8 MPH) Oke Monti to second Runner from 2nd tries for 3rd, SAFE, throw by RF made to third Alexis Cantu to second
|
|
Batting: RHB Jose Ramos
|
0-0: Intentional Walk
|
|
Batting: SHB Gabriel Cruz
|
0-0: Called Strike 0-1: SINGLE (Groundball, 4, EV 80.6 MPH) (infield hit) Oke Monti scores Alexis Cantu to third Jose Ramos to second
|
|
Batting: RHB Yojiro Hayashi
|
0-0: Ball Wild Pitch! Alexis Cantu scores Jose Ramos to third Gabriel Cruz to second 1-0: Called Strike 1-1: 3-RUN HOME RUN (Flyball, 78XD, EV 99.4 MPH), Distance : 408 ft
|
|
Batting: RHB Ingidayehu Lagat
|
0-0: Ground out 5-3 (Groundball, 56, EV 89.4 MPH)
|
|
Batting: SHB Ian Arlotta
|
0-0: Called Strike 0-1: SINGLE (Groundball, P, EV 90.6 MPH) (infield hit)
|
|
Batting: RHB Armando Moz
|
0-0: Ball 1-0: Ball 2-0: Ball 3-0: Base on Balls Ian Arlotta to second
|
|
Batting: RHB Zach Hulme
|
0-0: Foul Ball, location: 2F 0-1: Ball 1-1: Swinging Strike 1-2: Strikes out looking
|
|
Batting: LHB Oke Monti
|
0-0: Called Strike 0-1: Ball 1-1: Fly out, F9 (Flyball, 9, EV 95.0 MPH)
|
| Bottom of the 7th over - 5 runs, 4 hits, 0 errors, 2 left on base; Miami (APP) 1 - Danville 9 |
| TOP OF THE 8TH |
|
Miami (APP) Marlins batting - Pitching for Danville Braves : RHP Ruben Arana
|
|
Pitching: RHP Andy Britton
|
|
|
Batting: RHB Jason Thrash
|
0-0: SOLO HOME RUN (Flyball, 7LD, EV 94.4 MPH), Distance : 349 ft
|
|
Batting: RHB Adrian Bocker
|
0-0: Foul Ball, location: 2F 0-1: Ball 1-1: Called Strike 1-2: Ball 2-2: Foul Ball, location: 2F 2-2: Foul Ball, location: 2F 2-2: Strikes out looking
|
|
Batting: SHB Matt Moore
|
0-0: Called Strike 0-1: Ball 1-1: Foul Ball, location: 2F 1-2: Strikes out swinging
|
|
Batting: RHB Mario Cota
|
0-0: Called Strike 0-1: Ball 1-1: Reached via error on a dropped throw from 2B, E3 (Groundball, 4, EV 110.0 MPH)
|
|
Batting: RHB Keith Bennett
|
0-0: Called Strike 0-1: Ball 1-1: Swinging Strike 1-2: Strikes out looking
|
| Top of the 8th over - 1 run, 1 hit, 1 error, 1 left on base; Miami (APP) 2 - Danville 9 |
| BOTTOM OF THE 8TH |
|
Danville Braves batting - Pitching for Miami (APP) Marlins : LHP Tyler Murders
|
|
Batting: LHB Alexis Cantu
|
0-0: Ball 1-0: Called Strike 1-1: Ball 2-1: Foul Ball, location: 2F 2-2: Ball 3-2: Base on Balls
|
|
Batting: RHB Jose Ramos
|
0-0: 2-RUN HOME RUN (Line Drive, 9LD, EV 91.9 MPH), Distance : 339 ft
|
|
Batting: SHB Gabriel Cruz
|
0-0: Called Strike 0-1: DOUBLE (Groundball, 5L, EV 101.9 MPH)
|
|
Batting: RHB Yojiro Hayashi
|
0-0: Ball 1-0: Ball 2-0: 2-RUN HOME RUN (Flyball, 7D, EV 98.1 MPH), Distance : 356 ft
|
|
Pitching: RHP Adam Brown
|
|
|
Batting: RHB Ingidayehu Lagat
|
0-0: Ball 1-0: Ball 2-0: Called Strike 2-1: Ground out 5-3 (Groundball, 56, EV 85.6 MPH)
|
|
Batting: SHB Ian Arlotta
|
0-0: Ball 1-0: Called Strike 1-1: Ball 2-1: Ball 3-1: SINGLE (Line Drive, 4D, EV 108.8 MPH)
|
|
Batting: RHB Armando Moz
|
0-0: Ball 1-0: Called Strike 1-1: Called Strike 1-2: Ball 2-2: Fly out, F8 (Flyball, 8LS, EV 92.5 MPH)
|
|
Batting: RHB Zach Hulme
|
0-0: Ball 1-0: Fly out, F9 (Flyball, 9D, EV 80.0 MPH)
|
| Bottom of the 8th over - 4 runs, 4 hits, 0 errors, 1 left on base; Miami (APP) 2 - Danville 13 |
| TOP OF THE 9TH |
|
Miami (APP) Marlins batting - Pitching for Danville Braves : RHP Andy Britton
|
|
Batting: RHB Rick Knoblauch
|
0-0: Swinging Strike 0-1: Called Strike 0-2: Ball 1-2: Strikes out swinging
|
|
Batting: SHB Jeremy Akande
|
0-0: Ball 1-0: Foul Ball, location: 2F 1-1: Swinging Strike 1-2: Strikes out swinging
|
|
Batting: LHB Melvin Castro
|
0-0: SINGLE (Line Drive, 78M, EV 102.5 MPH)
|
|
Batting: LHB Bryan Wedge
|
0-0: Fielders Choice at 2nd, 5-4 (Groundball, 56, EV 81.9 MPH)
|
| Top of the 9th over - 0 runs, 1 hit, 0 errors, 1 left on base; Miami (APP) 2 - Danville 13 |
|